IL
ROUND ROCK EXPRESS @ OMAHA STORM CHASERS
06/28/2045
 
TOP OF THE 1ST
Round Rock Express batting - Pitching for Omaha Storm Chasers : LHP Walter Whiteman
Pitching: LHP Walter Whiteman
Batting: RHB Luis Villanueva 0-0: Ball
1-0: Swinging Strike
1-1: Foul Ball, location: 2F
1-2: Fly out, F8 (Flyball, 8RD, EV 88.1 MPH)
Batting: LHB Alejandro Soriano 0-0: Swinging Strike
0-1: Swinging Strike
0-2: Ball
1-2: Ball
2-2: Foul Ball, location: 2F
2-2: Foul Ball, location: 2F
2-2: Strikes out swinging
Batting: RHB Doug Hammertime 0-0: Called Strike
0-1: Ball
1-1: Called Strike
1-2: Ball
2-2: Ball
3-2: Foul Ball, location: 2F
3-2: Base on Balls
Batting: LHB Josh Cook 0-0: Ball
1-0: Ball
Doug Hammertime is caught stealing 2nd base 2-6
Top of the 1st over - 0 runs, 0 hits, 0 errors, 0 left on base; Round Rock 0 - Omaha 0
BOTTOM OF THE 1ST
Omaha Storm Chasers batting - Pitching for Round Rock Express : RHP Gabe Baxter
Pitching: RHP Gabe Baxter
Batting: RHB Yuichi Takata 0-0: Called Strike
0-1: Ball
1-1: Called Strike
1-2: Ball
2-2: Ball
3-2: Base on Balls
Batting: RHB Nick Ogle 0-0: Ball
1-0: Swinging Strike
1-1: Fly out, F9 (Line Drive, 9, EV 90.6 MPH)
Batting: LHB Justin Rupert 0-0: Called Strike
Yuichi Takata steals 2nd base (no throw)
0-1: Foul Ball, location: 2F
0-2: Ball
1-2: Ball
2-2: Strikes out swinging
Batting: LHB Roman Downey 0-0: Foul Ball, location: 2F
0-1: Ball
1-1: Called Strike
1-2: SINGLE (Line Drive, 8LS, EV 103.1 MPH)
Yuichi Takata to third
Runner from 3rd tries for Home, SAFE, throw by CF to home
Roman Downey to second
Batting: RHB Muneer Maudad 0-0: Ground out 6-3 (Groundball, 6M, EV 103.8 MPH)
Bottom of the 1st over - 1 run, 1 hit, 0 errors, 1 left on base; Round Rock 0 - Omaha 1
TOP OF THE 2ND
Round Rock Express batting - Pitching for Omaha Storm Chasers : LHP Walter Whiteman
Batting: LHB Josh Cook 0-0: Ball
1-0: Ball
2-0: Swinging Strike
2-1: DOUBLE (Line Drive, 9LS, EV 104.4 MPH)
Batting: RHB Zhi-bin Ou-yang 0-0: Ball
1-0: Swinging Strike
1-1: Swinging Strike
1-2: Ball
2-2: Strikes out swinging
Batting: SHB Dan Tew 0-0: Ball
1-0: Called Strike
1-1: Swinging Strike
1-2: Ball
2-2: Fly out, F9 (Flyball, 9LS, EV 84.4 MPH)
Batting: RHB Rodolfo Contreras 0-0: Ground out 6-3 (Groundball, 6, EV 77.5 MPH)
Top of the 2nd over - 0 runs, 1 hit, 0 errors, 1 left on base; Round Rock 0 - Omaha 1
BOTTOM OF THE 2ND
Omaha Storm Chasers batting - Pitching for Round Rock Express : RHP Gabe Baxter
Batting: RHB Walt Cogswell 0-0: Foul Ball, location: 2F
0-1: Called Strike
0-2: Strikes out swinging
Batting: RHB Mikolas Markus 0-0: Swinging Strike
0-1: Swinging Strike
0-2: Ball
1-2: Ball
2-2: Ground out U3 (Groundball, 3S, EV 84.4 MPH)
Batting: RHB Bob Najar 0-0: Ball
1-0: Swinging Strike
1-1: Fly out, F7 (Flyball, 78M, EV 91.9 MPH)
Bottom of the 2nd over - 0 runs, 0 hits, 0 errors, 0 left on base; Round Rock 0 - Omaha 1
TOP OF THE 3RD
Round Rock Express batting - Pitching for Omaha Storm Chasers : LHP Walter Whiteman
Batting: RHB Jerry Jauregui 0-0: Fly out, F1 (Line Drive, P, EV 68.8 MPH)
Batting: RHB Rick Concha 0-0: Swinging Strike
0-1: Foul Ball, location: 2F
0-2: Foul Ball, location: 2F
0-2: Ball
1-2: Strikes out swinging
Batting: RHB Luis Villanueva 0-0: Ball
1-0: Called Strike
1-1: Foul Ball, location: 2F
1-2: DOUBLE (Groundball, 5L, EV 94.4 MPH)
Batting: LHB Alejandro Soriano 0-0: SINGLE (Line Drive, 9S, EV 95.6 MPH)
Luis Villanueva to third
Batting: RHB Doug Hammertime 0-0: Called Strike
0-1: Called Strike
0-2: Ball
1-2: Ground out 4-3 (Groundball, 4, EV 110.0 MPH)
Top of the 3rd over - 0 runs, 2 hits, 0 errors, 2 left on base; Round Rock 0 - Omaha 1
BOTTOM OF THE 3RD
Omaha Storm Chasers batting - Pitching for Round Rock Express : RHP Gabe Baxter
Batting: LHB Ricardo Pagan 0-0: Called Strike
0-1: Ball
1-1: Swinging Strike
1-2: Foul Ball, location: 2F
1-2: Ground out 3-1 (Groundball, 34S, EV 91.2 MPH)
Batting: RHB Yuichi Takata 0-0: Fly out, F5 (Popup, 5F, EV 66.2 MPH)
Batting: RHB Nick Ogle 0-0: Foul Ball, location: 2F
0-1: Swinging Strike
0-2: Ball
1-2: SINGLE (Groundball, 4MD, EV 96.2 MPH)
Batting: LHB Justin Rupert 0-0: Ball
1-0: Ball
2-0: Called Strike
2-1: Ground out 4-3 (Groundball, 4, EV 76.2 MPH)
Bottom of the 3rd over - 0 runs, 1 hit, 0 errors, 1 left on base; Round Rock 0 - Omaha 1
TOP OF THE 4TH
Round Rock Express batting - Pitching for Omaha Storm Chasers : LHP Walter Whiteman
Batting: LHB Josh Cook 0-0: Foul Ball, location: 2F
0-1: Swinging Strike
0-2: Ball
1-2: Fly out, F6 (Line Drive, 6, EV 60.6 MPH)
Batting: RHB Zhi-bin Ou-yang 0-0: Ball
1-0: Called Strike
1-1: Ground out 6-3 (Groundball, 6S, EV 80.0 MPH)
Batting: SHB Dan Tew 0-0: Ball
1-0: Swinging Strike
1-1: SOLO HOME RUN (Flyball, 8LXD, EV 115.6 MPH), Distance : 436 ft
Batting: RHB Rodolfo Contreras 0-0: Ball
1-0: Ground out 3-1 (Groundball, 34, EV 108.1 MPH)
Top of the 4th over - 1 run, 1 hit, 0 errors, 0 left on base; Round Rock 1 - Omaha 1
BOTTOM OF THE 4TH
Omaha Storm Chasers batting - Pitching for Round Rock Express : RHP Gabe Baxter
Batting: LHB Roman Downey 0-0: Ball
1-0: Ground out 4-3 (Groundball, 4, EV 100.6 MPH)
Batting: RHB Muneer Maudad 0-0: Called Strike
0-1: Ball
1-1: Ball
2-1: Swinging Strike
2-2: Foul Ball, location: 2F
2-2: Ground out 6-3 (Groundball, 6, EV 106.2 MPH)
Batting: RHB Walt Cogswell 0-0: Called Strike
0-1: SINGLE (Groundball, 4M, EV 100.6 MPH) (infield hit)
Batting: RHB Mikolas Markus 0-0: Called Strike
0-1: Ball
1-1: Ball
2-1: Ball
3-1: SINGLE (Groundball, 56D, EV 100.0 MPH)
Walt Cogswell to second
Batting: RHB Bob Najar 0-0: Called Strike
0-1: Ball
1-1: Ball
2-1: Fielders Choice at 2nd, 6-4 (Groundball, 6D, EV 108.8 MPH)
Bottom of the 4th over - 0 runs, 2 hits, 0 errors, 2 left on base; Round Rock 1 - Omaha 1
TOP OF THE 5TH
Round Rock Express batting - Pitching for Omaha Storm Chasers : LHP Walter Whiteman
Batting: RHB Jerry Jauregui 0-0: Ball
1-0: Foul Ball, location: 2F
1-1: Ball
2-1: Ball
3-1: Base on Balls
Batting: RHB Rick Concha 0-0: Called Strike
0-1: Ball
1-1: Ball
2-1: Called Strike
2-2: Strikes out looking
Batting: RHB Luis Villanueva 0-0: Ball
1-0: Called Strike
1-1: Swinging Strike
1-2: Ball
2-2: 2-RUN HOME RUN (Line Drive, 9D, EV 94.4 MPH), Distance : 362 ft
Batting: LHB Alejandro Soriano 0-0: Ball
1-0: Ball
2-0: DOUBLE (Line Drive, 78D, EV 101.9 MPH)
Batting: RHB Doug Hammertime 0-0: Foul Ball, location: 2F
0-1: Ball
1-1: Ball
2-1: Foul Ball, location: 2F
2-2: Ball
3-2: Fly out, F7 (Flyball, 7S, EV 95.0 MPH)
Pitching: RHP Josh Moncada
Batting: LHB Josh Cook 0-0: DOUBLE (Line Drive, 78D, EV 110.0 MPH)
Alejandro Soriano scores
Batting: RHB Zhi-bin Ou-yang 0-0: Foul Ball, location: 2F
0-1: Foul Ball, location: 2F
0-2: Ball
1-2: Ball
2-2: Ground out 6-3 (Groundball, 6, EV 85.6 MPH)
Top of the 5th over - 3 runs, 3 hits, 0 errors, 1 left on base; Round Rock 4 - Omaha 1
BOTTOM OF THE 5TH
Omaha Storm Chasers batting - Pitching for Round Rock Express : RHP Gabe Baxter
Batting: LHB Ricardo Pagan 0-0: Called Strike
0-1: Ground out 4-3 (Groundball, 34, EV 104.4 MPH)
Batting: RHB Yuichi Takata 0-0: Ball
1-0: Ground out 5-3 (Groundball, 56, EV 89.4 MPH)
Batting: RHB Nick Ogle 0-0: Ball
1-0: Ball
2-0: Ball
3-0: Fly out, F9 (Flyball, 9LM, EV 95.0 MPH)
Bottom of the 5th over - 0 runs, 0 hits, 0 errors, 0 left on base; Round Rock 4 - Omaha 1
TOP OF THE 6TH
Round Rock Express batting - Pitching for Omaha Storm Chasers : RHP Josh Moncada
Batting: SHB Dan Tew 0-0: Ball
1-0: Foul Ball, location: 2F
1-1: SINGLE (Groundball, 4MS, EV 69.4 MPH) (infield hit)
Batting: RHB Rodolfo Contreras 0-0: Ball
1-0: Ball
2-0: Called Strike
2-1: Fly out, F7 (Flyball, 7LM, EV 98.1 MPH)
Batting: RHB Jerry Jauregui 0-0: Called Strike
Dan Tew steals 2nd base (no throw)
0-1: Ball
1-1: Foul Ball, location: 2F
1-2: Strikes out looking
Batting: RHB Rick Concha 0-0: Called Strike
0-1: Ball
1-1: Foul Ball, location: 2F
1-2: Foul Ball, location: 2F
1-2: Foul Ball, location: 2F
1-2: Foul Ball, location: 2F
1-2: Foul Ball, location: 2F
1-2: Fly out, F7 (Line Drive, 7, EV 98.8 MPH)
Top of the 6th over - 0 runs, 1 hit, 0 errors, 1 left on base; Round Rock 4 - Omaha 1
BOTTOM OF THE 6TH
Omaha Storm Chasers batting - Pitching for Round Rock Express : RHP Gabe Baxter
Batting: LHB Justin Rupert 0-0: SOLO HOME RUN (Flyball, 9D, EV 98.8 MPH), Distance : 357 ft
Batting: LHB Roman Downey 0-0: Foul Ball, location: 2F
0-1: Ball
1-1: Ball
2-1: Foul Ball, location: 2F
2-2: Ground out 4-3 (Groundball, 4, EV 78.8 MPH)
Batting: RHB Muneer Maudad 0-0: Ball
1-0: Ground out 6-3 (Groundball, 6, EV 83.1 MPH)
Batting: RHB Walt Cogswell 0-0: Ball
1-0: SINGLE (Groundball, 4D, EV 98.8 MPH)
Batting: RHB Mikolas Markus 0-0: Called Strike
0-1: Ball
1-1: Called Strike
Walt Cogswell steals 2nd base
1-2: Strikes out swinging
Bottom of the 6th over - 1 run, 2 hits, 0 errors, 1 left on base; Round Rock 4 - Omaha 2
TOP OF THE 7TH
Round Rock Express batting - Pitching for Omaha Storm Chasers : RHP Josh Moncada
Batting: RHB Luis Villanueva 0-0: Called Strike
0-1: Foul Ball, location: 2F
0-2: Ball
1-2: Fly out, F3 (Popup, 3F, EV 70.6 MPH)
Batting: LHB Alejandro Soriano 0-0: Called Strike
0-1: Swinging Strike
0-2: Ball
1-2: Ball
2-2: Ball
3-2: Strikes out swinging
Batting: RHB Doug Hammertime 0-0: Called Strike
0-1: Foul Ball, location: 2F
0-2: Foul Ball, location: 2F
0-2: Foul Ball, location: 2F
0-2: Ball
1-2: Ball
2-2: Foul Ball, location: 2F
2-2: Ground out 4-3 (Groundball, 4, EV 106.9 MPH)
Top of the 7th over - 0 runs, 0 hits, 0 errors, 0 left on base; Round Rock 4 - Omaha 2
BOTTOM OF THE 7TH
Omaha Storm Chasers batting - Pitching for Round Rock Express : RHP Gabe Baxter
Batting: RHB Bob Najar 0-0: Ball
1-0: Foul Ball, location: 2F
1-1: Ball
2-1: Ball
3-1: Foul Ball, location: 2F
3-2: Ground out 4-3 (Groundball, 4MD, EV 97.5 MPH)
Batting: LHB Ricardo Pagan 0-0: Ball
1-0: Swinging Strike
1-1: Called Strike
1-2: Foul Ball, location: 2F
1-2: Ball
2-2: Ground out 5-3 (Groundball, 56S, EV 80.0 MPH)
Batting: RHB Yuichi Takata 0-0: Ball
1-0: Called Strike
1-1: Ball
2-1: Swinging Strike
2-2: Foul Ball, location: 2F
2-2: Ball
3-2: Ground out 4-3 (Groundball, 4, EV 83.1 MPH)
Bottom of the 7th over - 0 runs, 0 hits, 0 errors, 0 left on base; Round Rock 4 - Omaha 2
TOP OF THE 8TH
Round Rock Express batting - Pitching for Omaha Storm Chasers : RHP Josh Moncada
Pitching: RHP Lionardo Rabelo
Batting: LHB Josh Cook 0-0: Ball
1-0: Ball
2-0: Ground out U3 (Groundball, 34S, EV 80.0 MPH)
Batting: RHB Zhi-bin Ou-yang 0-0: Ball
1-0: Ball
2-0: Ground out U3 (Groundball, 3, EV 97.5 MPH)
Batting: SHB Dan Tew 0-0: Ground out 4-3 (Groundball, 4, EV 100.6 MPH)
Top of the 8th over - 0 runs, 0 hits, 0 errors, 0 left on base; Round Rock 4 - Omaha 2
BOTTOM OF THE 8TH
Omaha Storm Chasers batting - Pitching for Round Rock Express : RHP Gabe Baxter
Batting: RHB Nick Ogle 0-0: Ball
1-0: Called Strike
1-1: Ball
2-1: Ground out 4-3 (Groundball, 4, EV 83.1 MPH)
Pitching: RHP Javier Cabrera
Batting: LHB Justin Rupert 0-0: Ball
1-0: Called Strike
1-1: Ball
2-1: SINGLE (Line Drive, 78S, EV 90.6 MPH)
Batting: LHB Roman Downey 0-0: Ball
1-0: Ball
2-0: Called Strike
2-1: Fielders Choice at 2nd, 3-6 (Groundball, 3, EV 103.1 MPH)
Batting: RHB Muneer Maudad 0-0: Fly out, F3 (Popup, 34, EV 73.1 MPH)
Bottom of the 8th over - 0 runs, 1 hit, 0 errors, 1 left on base; Round Rock 4 - Omaha 2
TOP OF THE 9TH
Round Rock Express batting - Pitching for Omaha Storm Chasers : RHP Lionardo Rabelo
Pinch Hitting: SHB Valentin Laporte 0-0: Swinging Strike
0-1: Foul Ball, location: 2F
0-2: Fly out, F4 (Flyball, 4D, EV 91.9 MPH)
Batting: RHB Jerry Jauregui 0-0: SINGLE (Groundball, 6D, EV 100.0 MPH)
Batting: RHB Rick Concha 0-0: DOUBLE (Groundball, 5L, EV 103.8 MPH)
Jerry Jauregui to third
Runner from 3rd tries for Home, SAFE, no throw by LF
Batting: RHB Luis Villanueva 0-0: Foul Ball, location: 2F
0-1: Swinging Strike
0-2: Fly out, F8 (Flyball, 78XD, EV 103.1 MPH)
Batting: LHB Alejandro Soriano 0-0: Ball
1-0: Fly out, F8 (Flyball, 8RM, EV 78.8 MPH)
Top of the 9th over - 1 run, 2 hits, 0 errors, 1 left on base; Round Rock 5 - Omaha 2
BOTTOM OF THE 9TH
Omaha Storm Chasers batting - Pitching for Round Rock Express : RHP Javier Cabrera
Pitching: RHP Mark Lopez
Now in CF: Orlando Suarez
Batting: RHB Walt Cogswell 0-0: Called Strike
0-1: Foul Ball, location: 2F
0-2: Ball
1-2: Fly out, F8 (Line Drive, 8RM, EV 100.6 MPH)
Pinch Hitting: LHB Sam Ogg 0-0: Foul Ball, location: 2F
0-1: Ball
1-1: Ground out 5-3 (Groundball, 5S, EV 71.9 MPH)
Batting: RHB Bob Najar 0-0: Called Strike
0-1: Swinging Strike
0-2: Ground out 4-3 (Groundball, 4M, EV 96.2 MPH)
Bottom of the 9th over - 0 runs, 0 hits, 0 errors, 0 left on base; Round Rock 5 - Omaha 2
Wednesday, June 22nd , 2022 - OOTP Baseball 23.4 Build 64